 Dungeon Crawl Stone Soup version 0.27.1 (webtiles) character file.

Game seed: 9665517882037545472

132 speeev33 the Skirmisher (level 5, -8/48 HPs)
             Began as a Hill Orc Fighter on Aug 28, 2021.
             Was a Priest of Elyvilon.
             Mangled by a mummy (13 damage)
             ... in an ossuary.
             The game lasted 00:06:19 (2975 turns).

speeev33 the Skirmisher (Hill Orc Fighter)          Turns: 2975, Time: 00:06:20

Health: -8/48      AC:  6    Str: 20    XL:     5   Next: 15%
Magic:  5/5        EV:  7    Int:  8    God:    Elyvilon [***...]
Gold:   128        SH:  9    Dex: 10    Spells: 4/4 levels left

rFire    . . .     SeeInvis .   a - +1 war axe
rCold    . . .     Faith    .   c - +0 kite shield
rNeg     . . .     Spirit   .   b - +0 scale mail
rPois    .         Reflect  .   (no helmet)
rElec    .         Harm     .   (no cloak)
rCorr    .         Rampage  .   (no gloves)
Will     .....                  (no boots)
Stlth    ..........             (no amulet)
HPRegen  0.16/turn              (no ring)
MPRegen  0.09/turn              (no ring)

@: divinely protected, studying Fighting
A: no striking features
a: Renounce Religion, Lesser Healing, Heal Other, Purification, Divine
Protection


You were in an ossuary.
You worshipped Elyvilon.
Elyvilon was most pleased with you.
You visited 1 branch of the dungeon, and saw 4 of its levels.
You also visited: Ossuary.

You collected 128 gold pieces.

Inventory:

Hand Weapons
 a - a +1 war axe (weapon)
Armour
 b - a +0 scale mail (worn)
 c - a +0 kite shield (worn)
Wands
 m - a wand of mindburst (15)
Scrolls
 f - a scroll of enchant weapon
 l - a scroll of teleportation
Potions
 d - a potion of might
 g - a potion of curing {unknown}
 h - a potion of attraction {unknown}
 i - 2 potions of heal wounds {unknown}
 k - 2 potions of berserk rage


   Skills:
 + Level 5.2 Fighting
 + Level 4.4 Axes
 - Level 3.2 Armour
 + Level 4.5 Shields


You had 4 spell levels left.
You didn't know any spells.
Your spell library was empty.

Dungeon Overview and Level Annotations

Branches:
Dungeon (4/15)            Ossuary (1/1)
 Temple: D:4-7

Altars:
Dithmenos
Elyvilon

Shops:
D:1 =**


Message History

The mummy is almost destroyed.
You hit the mummy. You hit the mummy but do no damage.
You closely miss the mummy. The mummy barely misses you.
You block the mummy's attack. The mummy hits you.
Your shield prevents you from hitting the mummy.
The mummy is almost destroyed.
You hit the mummy but do no damage. You barely miss the mummy. x2
You block the mummy's attack. The mummy hits you! You block the mummy's attack.
You slash the mummy!
You destroy the mummy!
You hit the mummy. You barely miss the mummy. You hit the mummy.
You block the mummy's attack. The mummy barely misses you.
You block the mummy's attack.
You slash the mummy!
The mummy is severely damaged.
You hit the mummy. You hit the hobgoblin zombie.
You hit the mummy but do no damage.
Your shield and scale mail prevent you from hitting the kobold zombie.
You block the hobgoblin zombie's attack.
You block the kobold zombie's attack. The mummy hits you!
You hit the mummy but do no damage.
The mummy is severely damaged.
Your shield prevents you from hitting the mummy.
You slash the hobgoblin zombie!
You destroy the hobgoblin zombie!
You hit the mummy. You barely miss the kobold zombie.
The kobold zombie hits you but does no damage.
You block the mummy's attack. The mummy hits you! x2
* * * LOW HITPOINT WARNING * * *
The kobold zombie hits you but does no damage.
You beseech Elyvilon to protect your life.
The mummy closely misses you. The mummy hits you.
* * * LOW HITPOINT WARNING * * *
You block the mummy's attack.
You barely miss the mummy.
The mummy is lightly damaged.
You hit the mummy. You hit the kobold zombie. You hit the mummy.
The kobold zombie hits you but does no damage.
The mummy hits you!
You die...

...............
..............
............
#........#
#......# #....#
#.Z..# #MZM.#
#.@M.# #....#
#....# #....#
#....# #.∩∩.#
######


You could see 3 mummies, a hobgoblin zombie and a kobold zombie.

Vanquished Creatures
  2 mummies
  5 adders
  A worm (D:3)
  4 orcs (D:3)
  3 ball pythons
  8 bats
  5 endoplasms
  A giant cockroach (D:2)
  A gnoll zombie (Ossuary)
  3 goblins (D:1)
  4 hobgoblins
  2 jackals (D:2)
  3 quokkas (D:1)
  2 frilled lizards
  2 hobgoblin zombies (Ossuary)
  4 kobolds
  A kobold zombie (Ossuary)
  An orc zombie (Ossuary)
  3 rats
55 creatures vanquished.

Notes
Turn   | Place    | Note
-------+----------+-------------------------------------------
     0 | D:1      | speeev33 the Hill Orc Fighter began the quest for the Orb.
     0 | D:1      | Reached XP level 1. HP: 19/19 MP: 1/1
    32 | D:1      | Found Danezish's Jewellery Boutique.
   473 | D:1      | Found a faded altar of an unknown god.
   483 | D:1      | Became a worshipper of Elyvilon the Healer
   483 | D:1      | Reached * piety under Elyvilon
   489 | D:1      | Reached XP level 2. HP: 24/27 MP: 2/2
   649 | D:1      | Found Deumn's Assorted Antiques.
   683 | D:1      | Reached skill level 4 in Fighting
   734 | D:1      | Found Toomud's Assorted Antiques.
   855 | D:1      | Reached XP level 3. HP: 27/33 MP: 3/3
  1198 | D:2      | Found a white marble altar of Elyvilon.
  1310 | D:2      | Reached ** piety under Elyvilon
  1434 | D:2      | Reached XP level 4. HP: 15/41 MP: 4/4
  2113 | D:3      | Identified a scroll of acquirement
  2113 | D:3      | Acquired a manual of Fighting
  2353 | D:3      | Found a shadowy altar of Dithmenos.
  2854 | D:4      | Reached *** piety under Elyvilon
  2862 | D:4      | Found a sand-covered staircase.
  2871 | D:4      | Reached skill level 5 in Fighting
  2871 | D:4      | Reached XP level 5. HP: 37/48 MP: 5/5
  2874 | Ossuary  | Entered an ossuary
  2975 | Ossuary  | Mangled by a mummy

Illustrated notes

Levels and vault maps discovered:
D:1:      matt_arrival_los_fun, layout_basic, serial_shops, shop_statue,
          nicolae_lakefront_shop, nicolae_shop_statue_plus,
          basic_ecumenical_altar
D:2:      layout_loops_cross, basic_altar
D:3:      layout_basic, mainiacjoe_overflow_catwalk
D:4:      layout_rooms, gup_ossuary_entry_pyramid
Ossuary:  ossuary_tomb_3

Skill      XL: |  1  2  3  4 |
---------------+-------------+-----
Axes           | 3 4 |  4.4
Fighting       | 4 5 |  5.2
Shields        | 4 |  4.5
Armour         | |  3.2

Action                   |  1- 3 |  4- 6 || total
-------------------------+-------+-------++-------
Melee: War axe           |   105 |    74 ||   179
Invok: Lesser Healing    |     1 |       ||     1
       Divine Protection |       |     1 ||     1
  Use: Scroll            |       |     6 ||     6
Armor: Scale mail        |    63 |    28 ||    91
Dodge: Dodged            |    37 |    34 ||    71
Block: Kite shield       |    63 |    46 ||   109
